 Dungeon Crawl Stone Soup version 0.31-a0-1-g4198be8af4 (webtiles) character file.

Game seed: 15378946509083978325

1770414 laial the Slayer (level 27, 167/167 HPs)
             Began as a Vine Stalker Warper on Apr 30, 2023.
             Was the Champion of Ashenzari.
             Escaped with the Orb
             ... and 3 runes on May 1, 2023!
             The game lasted 05:07:59 (61636 turns).

laial the Slayer (Vine Stalker Warper)             Turns: 61636, Time: 05:07:59

Health: 167/167    AC: 15    Str: 18    XL:     27
Magic:  47/48      EV: 39    Int: 13    God:    Ashenzari [******]
Gold:   5682       SH:  0    Dex: 32    Spells: 13/66 levels left

rFire   + + +        b - +12 pair of quick blades "Gyre" and "Gimble" {protect, Self, Melee} (curse)
rCold   + + +        (shield currently unavailable)
rNeg    . . .        h - +2 robe "Ruined Henotheism" {rC+ rF+, Bglg, Fort} (curse)
rPois   +            n - +2 hat of Supernal Wisdom {Will+, Melee, Bglg} (curse)
rElec   +            X - +2 cloak of the Ensconced Sky {rCorr, Bglg, Elem} (curse)
rCorr   +            r - +2 pair of gloves of the Lashed Bitterness {Str+3, Range, Self} (curse)
SInv    +            L - +1 pair of boots "Shattered With Me" {rElec Str+2 Stlth+, Bglg, Fort} (curse)
Will    ++++.        V - amulet of the Oracular Visionary {Regen+, Fort, Cun} (curse)
Stlth   +++          G - ring "Thunder Perfect Mind" {rF+++ rC+ Str-4 Dex+3 SInv, Bglg, Melee} (curse)
HPRegen 2.07/turn    t - ring of the Chained Seer {Wiz rPois rC+ Dex+4, Cun, Elem} (curse)
MPRegen 0.31/turn

%: clarity, guardian spirit, wizardry (x1)
@: hasted, studying Shields, very quick
A: fangs 3, regeneration 1, magic shield, antimagic bite, no potion heal 2,
deterioration 1
0: Orb of Zot
}: 3/15 runes: barnacled, silver, gossamer
a: Renounce Religion, Shatter the Chains


You escaped.
You worshipped Ashenzari.
Ashenzari was exalted by your worship.
You visited 10 branches of the dungeon, and saw 48 of its levels.
You also visited: Ice Cave and Wizlab.

You collected 7299 gold pieces.
You spent 1617 gold pieces at shops.

Inventory:

Hand Weapons
 b - the cursed +12 pair of quick blades "Gyre" and "Gimble" (weapon) {protect, Self, Melee}
   (You found it on level 4 of the Dungeon)

   It has a curse which improves the following skills: Introspection: Fighting
   and Spellcasting.
   Melee Combat: Short Blades, Long Blades, Axes, Maces & Flails, Polearms,
   Staves and Unarmed Combat.
Missiles
 d - 30 boomerangs of dispersal
Armour
 h - the cursed +2 robe "Ruined Henotheism" (worn) {rC+ rF+, Bglg, Fort}
   (You took it off an orc sorcerer on level 15 of the Dungeon)

   It has a curse which improves the following skills: Beguiling: Conjurations,
   Hexes and Translocations.
   Fortitude: Armour and Shields.
 n - the cursed +2 hat of Supernal Wisdom (worn) {Will+, Melee, Bglg}
   (You found it on level 4 of the Vaults)

   It has a curse which improves the following skills: Melee Combat: Short
   Blades, Long Blades, Axes, Maces & Flails, Polearms, Staves and Unarmed
   Combat.
   Beguiling: Conjurations, Hexes and Translocations.
 r - the cursed +2 pair of gloves of the Lashed Bitterness (worn) {Str+3, Range, Self}
   (You bought it in a shop on level 1 of the Shoals)

   It has a curse which improves the following skills: Ranged Combat: Ranged
   Weapons and Throwing.
   Introspection: Fighting and Spellcasting.
 L - the cursed +1 pair of boots "Shattered With Me" (worn) {rElec Str+2 Stlth+, Bglg, Fort}
   (You found it on level 4 of the Spider Nest)

   Str:       It affects your strength (+2).
   rElec:     It insulates you from electricity.
   Stlth:     It makes you more stealthy.
   It has a curse which improves the following skills: Beguiling: Conjurations,
   Hexes and Translocations.
   Fortitude: Armour and Shields.
 X - the cursed +2 cloak of the Ensconced Sky (worn) {rCorr, Bglg, Elem}
   (You found it on level 10 of the Dungeon)

   It has a curse which improves the following skills: Beguiling: Conjurations,
   Hexes and Translocations.
   Elements:  Fire Magic, Ice Magic, Air Magic and Earth Magic.
Jewellery
 t - the cursed ring of the Chained Seer (right hand) {Wiz rPois rC+ Dex+4, Cun, Elem}
   (You found it in a wizard's laboratory)

   [ring of wizardry]

   It improves your spell success rate.
   Dex:       It affects your dexterity (+4).
   rC:        It protects you from cold.
   rPois:     It protects you from poison.
   It has a curse which improves the following skills: Cunning: Dodging and
   Stealth.
   Elements:  Fire Magic, Ice Magic, Air Magic and Earth Magic.
 x - the ring "Doimotesk" {MP+9 Dex+5}
   (You took it off a deep elf demonologist on level 3 of the Elven Halls)

   [ring of magical power]

   Dex:       It affects your dexterity (+5).
   MP:        It affects your magic capacity (+9).
 G - the cursed ring "Thunder Perfect Mind" (left hand) {rF+++ rC+ Str-4 Dex+3 SInv, Bglg, Melee}
   (You found it on level 2 of the Depths)

   [ring of protection from cold]

   Str:       It affects your strength (-4).
   Dex:       It affects your dexterity (+3).
   rF:        It renders you almost immune to fire.
   rC:        It protects you from cold.
   SInv:      It lets you see invisible.
   It has a curse which improves the following skills: Beguiling: Conjurations,
   Hexes and Translocations.
   Melee Combat: Short Blades, Long Blades, Axes, Maces & Flails, Polearms,
   Staves and Unarmed Combat.
 I - the ring "Pekon" {+Blink rC+ rCorr Dex+3 Stlth-}
   (You took it off a deep elf knight on level 3 of the Elven Halls)

   [ring of resist corrosion]

   Dex:       It affects your dexterity (+3).
   rC:        It protects you from cold.
   +Blink:    It lets you blink.
   rCorr:     It protects you from acid and corrosion.
   Stlth:     It makes you less stealthy.
 R - a +4 ring of slaying
 V - the cursed amulet of the Oracular Visionary (around neck) {Regen+, Fort, Cun}
   (You found it on level 4 of the Lair of Beasts)

   [amulet of regeneration]

   Regen:     It increases your rate of health regeneration.
   It has a curse which improves the following skills: Fortitude: Armour and
   Shields.
   Cunning:   Dodging and Stealth.
Wands
 i - a wand of digging (20) (quivered)
 j - a wand of paralysis (73)
 v - a wand of quicksilver (37)
 J - a wand of polymorph (10)
 K - a wand of iceblast (62)
 U - a wand of flame (10)
 Z - a wand of mindburst (58)
Scrolls
 a - 6 scrolls of fear
 e - 10 scrolls of magic mapping
 k - 10 scrolls of teleportation
 m - 6 scrolls of enchant armour
 u - 5 scrolls of fog
 w - 13 scrolls of noise
 y - 10 scrolls of poison
 E - 2 scrolls of silence
 F - 8 scrolls of amnesia
 O - 3 scrolls of blinking
 S - 5 scrolls of brand weapon
 Y - 4 scrolls of butterflies
Potions
 c - 3 potions of haste
 g - 3 potions of magic
 l - 25 potions of curing
 p - 13 potions of ambrosia
 q - 8 potions of attraction
 s - 10 potions of lignification
 z - 8 potions of brilliance
 A - 3 potions of berserk rage
 B - 8 potions of flight
 C - 8 potions of cancellation
 H - 15 potions of mutation
 M - 5 potions of resistance
 N - 6 potions of might
 Q - 6 potions of invisibility


   Skills:
 - Level 21.1(24.3) Fighting
 + Level 20.5(25.5) Short Blades
 - Level 10.3(19.7) Long Blades
 - Level 0.8(2.1) Throwing
 - Level 2.4(6.0) Armour
 - Level 18.8(22.1) Dodging
 - Level 10.0(13.6) Stealth
 - Level 3.0(6.8) Shields
 - Level 16.8(20.2) Spellcasting
 - Level 17.9(24.3) Hexes
 - Level 16.7(23.2) Translocations


You had 13 spell levels left.
You knew the following spells:

 Your Spells              Type           Power      Damage    Failure   Level
a - Blink                 Tloc           100%       N/A       0%          2
b - Manifold Assault      Tloc           65%        N/A       0%          4
c - Teleport Other        Tloc           65%        N/A       0%          3
d - Slow                  Hex            100%       N/A       0%          1
e - Confusing Touch       Hex            66%        N/A       0%          3
f - Vhi's Electric Charg  Tloc/Air       88%        N/A       1%          3
g - Portal Projectile     Hex/Tloc       100%       N/A       0%          3
h - Enfeeble              Hex            33%        N/A       1%          7
i - Discord               Hex            33%        N/A       1%          8
j - Yara's Violent Unrav  Hex/Tmut       22%        3d10      1%          5
k - Dispersal             Tloc           32%        N/A       1%          6
l - Disjunction           Tloc           32%        N/A       1%          8

Your spell library contained the following spells:

 Spells                   Type           Power      Damage    Failure   Level
 Apportation              Tloc           100%       N/A       0%          1
 Lesser Beckoning         Tloc           100%       N/A       0%          2
 Cause Fear               Hex            33%        N/A       0%          4
 Foxfire                  Conj/Fire      60%        2x1d7     1%          1
 Freeze                   Ice            56%        1d7       1%          1
 Kiss of Death            Conj/Necr      56%        2d9       1%          1
 Magic Dart               Conj           60%        1d6       1%          1
 Necrotise                Necr           52%        1d6       1%          1
 Sandblast                Erth           28%        2d8       1%          1
 Shock                    Conj/Air       60%        1d6       1%          1
 Sting                    Tmut/Pois      52%        1d5       1%          1
 Summon Small Mammal      Summ           52%        N/A       1%          1
 Ensorcelled Hibernation  Hex/Ice        90%        N/A       1%          2
 Scorch                   Fire           28%        2d6       1%          2
 Dazzling Flash           Conj/Hex       92%        N/A       1%          3
 Inner Flame              Hex/Fire       45%        N/A       1%          3
 Summon Guardian Golem    Hex/Summ       44%        N/A       1%          3
 Volatile Blastmotes      Fire/Tloc      88%        2d17      1%          3
 Anguish                  Hex/Necr       22%        N/A       1%          4
 Iskenderun's Mystic Bla  Conj/Tloc      44%        2d10      1%          4
 Leda's Liquefaction      Hex/Erth       22%        N/A       1%          4
 Metabolic Englaciation   Hex/Ice        22%        N/A       1%          5
 Silence                  Hex/Air        22%        N/A       1%          5
 Summon Forest            Summ/Tloc      21%        N/A       1%          5
 Summon Mana Viper        Hex/Summ       44%        N/A       1%          5
 Call Imp                 Summ           26%        N/A       2%          2
 Cigotuvi's Dreadful Rot  Necr/Pois/Air  26%        N/A       2%          2
 Poisonous Vapours        Pois/Air       26%        N/A       2%          2
 Sublimation of Blood     Necr           13%        N/A       2%          2
 Wereblood                Tmut           13%        N/A       2%          2
 Hailstorm                Conj/Ice       15%        3d5       3%          3
 Stone Arrow              Conj/Erth      30%        3d8       3%          3
 Call Canine Familiar     Summ           13%        N/A       4%          3
 Frozen Ramparts          Ice            28%        1d5       4%          3
 Ignite Poison            Fire/Tmut/Pois 13%        N/A       4%          3
 Mephitic Cloud           Conj/Pois/Air  14%        N/A       4%          3
 Ozocubu's Armour         Ice            14%        N/A       4%          3
 Spider Form              Tmut/Pois      13%        N/A       4%          3
 Swiftness                Air            14%        N/A       4%          3
 Vampiric Draining        Necr           13%        2d6       4%          3
 Flame Wave               Conj/Fire      15%        2d7       12%         4
 Sticky Flame             Conj/Fire      15%        2d4       12%         4
 Airstrike                Air            7%         2d(1-17)  13%         4
 Animate Armour           Summ/Erth      26%        N/A       14%         4
 Ice Form                 Ice/Tmut       13%        N/A       14%         4
 Petrify                  Tmut/Erth      13%        N/A       14%         4
 Summon Ice Beast         Ice/Summ       13%        N/A       14%         4
 Summon Lightning Spire   Summ/Air       13%        N/A       14%         4
 Dispel Undead            Necr           13%        3d9       16%         4
 Iskenderun's Battlesphe  Conj           15%        2d7       26%         5
 Arcjolt                  Conj/Air       7%         1d17      32%         5
 Fireball                 Conj/Fire      7%         3d5       32%         5
 Irradiate                Conj/Tmut      7%         3d14      32%         5
 Lee's Rapid Deconstruct  Erth           7%         3d6*      32%         5
 Borgnjor's Vile Clutch   Necr/Erth      6%         N/A       36%         5
 Agony                    Necr           13%        N/A       38%         5
 Alistair's Intoxication  Tmut/Pois      8%         N/A       38%         5
 Blade Hands              Tmut           6%         N/A       38%         5
 Conjure Ball Lightning   Conj/Air       7%         3x3d6     85%         6
 Iron Shot                Conj/Erth      7%         9d2       85%         6
 Starburst                Conj/Fire      7%         6d4       85%         6
 Plasma Beam              Fire/Air       7%         2x1d19    86%         6
 Simulacrum               Ice/Necr       6%         N/A       89%         6
 Statue Form              Tmut/Erth      8%         N/A       89%         6
 Death Channel            Necr           6%         N/A       91%         6
 Summon Cactus Giant      Summ           6%         N/A       91%         6
 Dragon Form              Tmut           6%         N/A       100%        7
 Orb of Destruction       Conj           7%         9d6       100%        7
 Ozocubu's Refrigeration  Ice            7%         4d9       100%        7
 Spellforged Servitor     Conj/Summ      7%         N/A       100%        7
 Storm Form               Tmut/Air       6%         N/A       100%        7
 Summon Hydra             Summ           6%         N/A       100%        7
 Lehudib's Crystal Spear  Conj/Erth      7%         10d3      100%        8
 Maxwell's Capacitive Co  Air            7%         ∞         100%        8
 Summon Horrible Things   Summ           6%         N/A       100%        8
 Dragon's Call            Summ           6%         N/A       100%        9
 Fire Storm               Conj/Fire      7%         8d2       100%        9
 Polar Vortex             Ice            7%         N/A       100%        9


Dungeon Overview and Level Annotations

Branches:
Dungeon (15/15)            Temple (1/1) D:5            Lair (5/5) D:11
 Shoals (4/4) Lair:3       Spider (4/4) Lair:3        Slime (0/5) Lair:4
    Orc (2/2) D:9             Elf (3/3) Orc:2        Vaults (5/5) D:13
  Crypt (0/3) Vaults:3     Depths (4/4) D:15            Zot (5/5) Depths:4
  IceCv (visited)          WizLab (visited)

Altars:
Ashenzari
Cheibriados
Dithmenos
Elyvilon
Fedhas
Gozag
Hepliaklqana
Kikubaaqudgha
Makhleb
Nemelex Xobeh
Okawaru
Qazlal
Ru
Sif Muna
Trog
Uskayaw
Vehumet
Wu Jian
Xom
Yredelemnul
Zin
The Shining One
Jiyva

Shops:
D:9 *   D:11 ((!   D:13 :   Orc:2 =(*?!   Elf:1 !   Elf:3 *:(?   Shoals:1 [
Shoals:2 *   Shoals:3 (   Vaults:1 [   Vaults:2 *   Vaults:4 [   Depths:3 ([

Portals:
Hell: Depths:1 Depths:2 Depths:3 Depths:4
Abyss: Depths:1 Depths:3
Pandemonium: Depths:2
Ziggurat: Depths:2

Annotations:
Shoals:4 Kirke
Spider:1 2 transporters, Yhubun's ghost, journeyman DrCj
Spider:3 2 transporters, Morbidden's ghost, adept TrDe
Zot:4 1 transporter


Innate Abilities, Weirdness & Mutations

You have razor-sharp teeth.
Your natural rate of healing is unusually fast.
When hurt, damage is shared between your health and your magic reserves.
Your bite disrupts and absorbs the magic of your enemies.
Potions cannot restore your health.
Your body sometimes deteriorates upon taking damage.


Message History

The sixfirhy attacks as you move away! The sixfirhy completely misses you.
The sixfirhy hits you but does no damage.
The sixfirhy closely misses you. The sixfirhy completely misses you.
The sixfirhy hits you but does no damage.
You feel yourself speed up. The sixfirhy attacks as you move away!
The sixfirhy misses you.
Kerim gestures. 2 ball lightnings come into view.
Kerim gestures. 3 ball lightnings come into view.
There is an open door here.
The ball lightning explodes!
The blast of lightning engulfs the ball lightning.
The ball lightning completely resists.
The blast of lightning engulfs you! You resist.
The blast of lightning engulfs the ball lightning.
The ball lightning completely resists.
You hear a clap of thunder!
The blast of lightning engulfs Kerim!
Kerim resists.
Kerim gestures.
A ball lightning comes into view.
The ball lightning moves out of view.
Search for what [Enter for "manual", or ? for help]?
Okay, then.
Aiming: Dig
Press: ? - help, Q - select action, (/) - cycle Shift-Dir - straight line A rock wall.
The rock shatters into small pieces.
The ball lightning explodes!
The blast of lightning engulfs you! You resist.
You hear a clap of thunder!
The ball lightning explodes!
The blast of lightning engulfs you!! You resist.
You hear a clap of thunder!
You hear a clap of thunder! x2
You hear a clap of thunder!
HP restored.
There is a staircase leading out of the dungeon here.
You have escaped!

#........#
#.........#
#..####..#
#..######## #..#
#..# #..#
#..####..## #..#
#..##.....# #..#
#.........# #..#
#.........# #..#
#.........###..#
#..##..@.......#
#..##..........#
#..#####.####..#
#..# #.# #..#
#..# #.# #..#
#..# #.# #..#
#..#####.####..#
#......[.......#
#..............#


There were no monsters in sight!

Vanquished Creatures
  8 ancient liches
  2 dread liches
  4 orbs of fire
  Frederick (Vaults:2)
  Parghit (Depths:4)
  3 Killer Klowns (Zot:5)
  Bai Suzhen (Vaults:4)
  2 curse toes
  Xtahua (Vaults:2)
  A caustic shrike (Depths:3)
  6 golden dragons
  the Enchantress (Depths:1)
  Nikola (Shoals:2)
  A Tzitzimitl (Depths:4)
  2 electric golems
  A bone dragon (Depths:4)
  19 tentacled monstrosities
  26 Orb Guardians
  2 walking crystal tomes (Depths:3)
  An Ice Fiend (Zot:3)
  3 titans (Vaults:5)
  2 deep elf blademasters (Elf:3)
  A walking frostbound tome (Depths:3)
  A moon troll (WizLab)
  Mlioglotl (Shoals:4)
  Zenata (Vaults:1)
  2 liches
  11 quicksilver dragons
  8 death cobs
  A walking divine tome (Depths:3)
  A kraken (Shoals:4)
  2 deep elf master archers (Elf:3)
  An Executioner (Depths:2)
  Polyphemus (Shoals:4)
  8 sphinxes
  11 tentacled starspawn (WizLab)
  11 shadow dragons
  6 draconian monks
  A daeva (Zot:5)
  10 tengu reavers
  17 storm dragons
  The ghost of Mandevil the Warrior, a journeyman OgFi of Trog (Lair:2)
  5 draconian knights
  Roxanne (Shoals:1)
  5 frost giants
  6 fire giants
  A balrug (Depths:1)
  16 vault wardens
  3 iron dragons
  A ghoul (Vaults:3)
  4 emperor scorpions (Spider:4)
  6 deep elf sorcerers
  Louise (Elf:1)
  A cacodemon (WizLab)
  5 spriggan defenders
  2 deep elf elementalists (Elf:3)
  4 draconian shifters
  4 ghost moths
  A curse skull (Vaults:3)
  4 draconian scorchers
  3 draconian stormcallers
  18 stone giants
  2 broodmothers
  6 draconian annihilators
  19 ironbound preservers
  19 very ugly things
  3 war gargoyles
  7 ironbound thunderhulks
  2 vampire knights
  9 dire elephants
  8 deep elf demonologists (Elf:3)
  12 black draconians
  9 green draconians
  8 white draconians
  9 deep elf annihilators
  9 red draconians
  7 spark wasps
  7 purple draconians
  3 minotaurs
  11 yellow draconians
  8 deep elf death magi
  2 merfolk javelineers (Shoals:3)
  5 ettins
  Josephine (D:10)
  5 crystal guardians
  9 fire dragons
  4 deep elf high priests
  A fire dragon (shapeshifter) (Vaults:5)
  7 great orbs of eyes
  7 ice dragons
  8 merfolk impalers
  9 yaktaur captains
  11 entropy weavers
  A caustic shrike simulacrum (IceCv)
  2 spectral krakens (Shoals:2)
  4 rakshasas
  A hell beast (D:12)
  2 ogre magi
  26 vault guards
  2 radroaches
  A jorogumo (Spider:2)
  2 alligator snapping turtles (Shoals:1)
  4 peacekeepers
  8 ironbound frosthearts
  2 ghost crabs
  5 hydras
  8 spriggan air magi
  The ghost of Eho Beem the Convoker, a journeyman TeSu of Gozag (Shoals:3)
  Erica (D:8)
  4 merfolk avatars
  5 catoblepae
  2 death knights
  A satyr (shapeshifter) (Vaults:4)
  7 boulder beetles
  4 two-headed ogres
  14 satyrs
  3 tengu warriors
  7 deep troll shamans
  12 centaur warriors
  9 spriggan berserkers
  6 vampire magi
  11 deep troll earth magi
  40 dancing weapons
  28 death yaks
  Urug (Lair:4)
  10 spriggans
  A soul eater (Vaults:3)
  4 sun demons
  A hell knight (Vaults:5)
  4 skeletal warriors (D:15)
  8 skysharks
  17 deep elf knights
  A sixfirhy (D:12)
  5 sun moths
  10 iron trolls
  13 glowing orange brains
  A flayed ghost (Depths:1)
  13 sea snakes
  9 pharaoh ants
  42 deep trolls
  12 orb spiders
  4 steelbarb worms
  A steelbarb worm (shapeshifter) (Vaults:5)
  An orange crystal statue (WizLab)
  15 lindwurms
  9 deep elf archers
  11 wizards
  A necromancer (D:15)
  3 orc knights
  2 spriggan simulacra (D:14)
  9 phantasmal warriors
  27 harpies
  5 starcursed masses (WizLab)
  19 ironbound convokers
  21 deep elf pyromancers
  41 ugly things
  26 deep elf zephyrmancers
  18 wolf spiders
  3 orc sorcerers
  A mana viper (shapeshifter) (Depths:1)
  10 cyclopes
  A manticore (shapeshifter) (D:14)
  28 fauns
  A moth of wrath (shapeshifter) (D:13)
  18 manticores
  25 moths of wrath
  4 black mambas
  5 eyes of devastation (WizLab)
  6 merfolk sirens
  An elephant (shapeshifter) (Vaults:5)
  A stone giant skeleton (D:15)
  12 elephants
  2 naga magi (Vaults:4)
  A frost giant skeleton (D:15)
  A water nymph (Shoals:4)
  An ice statue (D:11)
  17 vault sentinels
  A smoke demon (Depths:1)
  3 torpor snails
  7 demonic crawlers
  2 hellions
  6 cane toads
  An orange demon (Depths:2)
  3 rime drakes
  3 unseen horrors
  3 efreet
  5 komodo dragons
  27 yaktaurs
  2 spectral water nymphs (Shoals:2)
  2 tormentors
  5 freezing wraiths
  A golden dragon simulacrum (IceCv)
  3 anaconda simulacra
  5 tengu conjurers
  A guardian mummy (D:15)
  An ice devil (Depths:2)
  5 spectral merfolk (Shoals:2)
  7 trolls
  9 hornets
  28 merfolk
  2 polar bears (shapeshifter)
  A queen bee (Lair:2)
  A polar bear (Lair:5)
  28 tarantellas
  4 meliai (Spider:4)
  8 snapping turtles
  18 blink frogs
  4 wind drakes
  16 dream sheep
  A spriggan zombie (D:15)
  A spectral manticore (Shoals:2)
  28 slime creatures
  26 jumping spiders
  3 small abominations (Depths:3)
  4 air elementals
  A culicivora (shapeshifter) (Vaults:5)
  A centaur simulacrum (D:14)
  28 culicivoras
  2 shadows
  11 wyverns
  A wyvern (shapeshifter) (D:14)
  51 yaks
  A vampire (D:10)
  A yak (shapeshifter) (Elf:1)
  6 water elementals
  8 wraiths
  9 large abominations
  5 basilisks
  A fire elemental (Elf:2)
  5 hogs (Shoals:4)
  Grum (D:8)
  79 redbacks
  9 vampire mosquitoes
  4 neqoxecs (WizLab)
  2 chaos spawn
  A minotaur simulacrum (D:14)
  2 wargs
  4 harpy simulacra
  2 acid dragons
  15 water moccasins
  2 spectral snapping turtles (Shoals:2)
  A glowing shapeshifter skeleton (D:15)
  3 hydra simulacra (IceCv)
  A swamp drake (D:11)
  2 floating eyes (shapeshifter) (Vaults:5)
  32 orc warriors
  A black bear (D:7)
  2 sky beasts
  3 alligator simulacra (IceCv)
  2 ice beasts
  7 ogres
  An ettin simulacrum (IceCv)
  3 wolves
  17 centaurs
  A phantom (D:7)
  6 kobold brigands
  5 bullfrogs
  2 deep troll simulacra (D:14)
  2 earth elementals
  2 gnoll sergeants
  A scorpion (D:5)
  10 wights
  31 killer bees
  A lindwurm simulacrum (IceCv)
  4 howler monkeys
  2 electric eels (Lair:3)
  3 hounds
  5 jellies
  11 orc priests
  Jessica (D:2)
  2 iguanas
  4 sleepcaps
  17 orc wizards
  6 gnolls
  7 adders
  A shadow imp (D:7)
  An ufetubus (D:5)
  3 worms (D:2)
  2 dart slugs (D:2)
  65 orcs
  5 endoplasms
  2 giant cockroaches
  3 goblins
  5 hobgoblins
  28 kobolds
  2 quokkas
  5 ball pythons
  3 bats
  3 frilled lizards
  5 rats
  5 starspawn tentacles (WizLab)
  2 tentacles (Shoals:2)
2094 creatures vanquished.

Vanquished Creatures (collateral kills)
  A quicksilver dragon (Zot:4)
  A tentacled monstrosity (Zot:2)
  An Orb Guardian (Zot:5)
  A draconian monk (Zot:4)
  A shadow dragon (Vaults:5)
  A draconian knight (Zot:4)
  6 draconian annihilators
  A draconian stormcaller (Zot:1)
  4 very ugly things
  A black draconian (Zot:1)
  3 green draconians
  2 yellow draconians
  2 purple draconians
  4 white draconians
  2 red draconians
  An ettin (Vaults:5)
  A deep elf high priest (Vaults:5)
  8 vault guards
  2 deep troll shamans (Depths:1)
  3 deep troll earth magi (Depths:1)
  2 tengu warriors
  3 iron trolls
  4 deep trolls
  7 ugly things
  A moth of wrath (Zot:5)
  2 vault sentinels (Vaults:5)
65 creatures vanquished.

Vanquished Creatures (others)
  An eldritch tentacle (Zot:5)
  A vault warden (Vaults:5)
  A very ugly thing (Depths:3)
  A green draconian (Zot:1)
  A black draconian (Zot:2)
  A red draconian (Zot:2)
  2 yellow draconians
  3 vault guards (Vaults:5)
  A deep troll shaman (Depths:1)
  A deep troll (Depths:1)
  2 moths of wrath
  An unseen horror (Depths:3)
  A culicivora (Spider:3)
  A chaos spawn (Depths:3)
  3 ball lightnings (D:1)
  6 demonic plants (WizLab)
  21 fungi
  103 plants
  16 starspawn tentacles (WizLab)
  9 tentacles (Shoals:2)
  18 withered plants
194 creatures vanquished.

Grand Total: 2353 creatures vanquished

Notes
Turn   | Place    | Note
-------+----------+-------------------------------------------
     0 | D:1      | laial the Vine Stalker Warper began the quest for the Orb.
     0 | D:1      | Reached XP level 1. HP: 11/11 MP: 4/4
   235 | D:1      | Reached XP level 2. HP: 15/15 MP: 6/6
   861 | D:2      | Reached skill level 2 in Fighting
   964 | D:2      | Reached XP level 3. HP: 18/18 MP: 7/7
  1092 | D:2      | Reached skill level 10 in Long Blades
  1092 | D:2      | Gained mutation: Your natural rate of healing is unusually
                  | fast. [Vine Stalker growth]
  1092 | D:2      | Reached XP level 4. HP: 3/23 MP: 8/8
  1414 | D:2      | Noticed Jessica
  1418 | D:2      | Killed Jessica
  1419 | D:2      | Reached XP level 5. HP: 27/27 MP: 9/9
  1843 | D:3      | Reached skill level 3 in Fighting
  1843 | D:3      | Reached XP level 6. HP: 32/32 MP: 10/10
  2089 | D:3      | Found a hazy altar of Hepliaklqana.
  2090 | D:3      | Found a shimmering altar of Xom.
  2091 | D:3      | Noticed a spectral ugly thing
  2362 | D:4      | Found the +12 pair of quick blades "Gyre" and "Gimble"
                  | {protect}
  2481 | D:4      | You fall into a shaft and drop 3 floors!
  2539 | D:7      | Found a stormy altar of Qazlal.
  2560 | D:7      | Found a white marble altar of Elyvilon.
  2562 | D:7      | Found a radiant altar of Vehumet.
  2568 | D:5      | Entered Level 5 of the Dungeon
  2736 | D:5      | Reached skill level 1 in Short Blades
  2838 | D:5      | Noticed an ice beast
  2844 | D:5      | Killed an ice beast
  2845 | D:5      | Reached XP level 7. HP: 37/37 MP: 11/11
  2951 | D:5      | Found a staircase to the Ecumenical Temple.
  2969 | Temple   | Entered the Ecumenical Temple
  3019 | Temple   | Became a worshipper of Ashenzari the Shackled
  3076 | D:5      | Reached skill level 4 in Fighting
  3358 | D:6      | Found a glowing golden altar of the Shining One.
  3358 | D:6      | Found a bloodstained altar of Trog.
  3358 | D:6      | Found a snail-covered altar of Cheibriados.
  3380 | D:6      | Gained mutation: You have razor-sharp teeth. [Vine Stalker
                  | growth]
  3380 | D:6      | Reached XP level 8. HP: 32/42 MP: 8/12
  3793 | D:7      | Reached skill level 5 in Fighting
  3943 | D:7      | Found an ancient bone altar of Kikubaaqudgha.
  3956 | D:7      | Reached XP level 9. HP: 48/48 MP: 13/13
  4004 | D:7      | Found the +10 Black Knight's barding {ponderous, rPois rN+}
  4067 | D:7      | Reached skill level 6 in Fighting
  4079 | D:7      | Reached skill level 5 in Short Blades
  4355 | D:7      | Found a shimmering blue altar of Sif Muna.
  4428 | D:8      | Noticed Grum
  4464 | D:8      | Killed Grum
  4546 | D:8      | Reached skill level 7 in Fighting
  4564 | D:8      | Reached XP level 10. HP: 28/55 MP: 7/14
  4744 | D:8      | Noticed Erica
  4753 | D:8      | Killed Erica
  4754 | D:8      | Reached skill level 8 in Fighting
  4996 | D:9      | Found a staircase to the Orcish Mines.
  5082 | D:9      | Found Dugica's Lightly-Used Armoury.
  5143 | D:9      | Found an opulent altar of Gozag.
  5202 | D:9      | Found a sacrificial altar of Ru.
  5282 | D:9      | Noticed a two-headed ogre
  5292 | D:9      | Killed a two-headed ogre
  5369 | D:9      | Noticed a centaur warrior
  5473 | D:9      | Killed a centaur warrior
  5523 | D:9      | Noticed a death knight
  5550 | D:10     | Entered Level 10 of the Dungeon
  5599 | D:10     | Reached * piety under Ashenzari
  5615 | D:10     | Reached skill level 9 in Fighting
  5631 | D:10     | Reached XP level 11. HP: 63/63 MP: 16/16
  5631 | D:10     | Noticed a cyclops
  5634 | D:10     | Killed a cyclops
  5795 | D:10     | Noticed Josephine
  5831 | D:10     | Reached skill level 10 in Fighting
  5841 | D:10     | Killed Josephine
  5842 | D:10     | Reached skill level 5 in Dodging
  6265 | D:10     | Identified the +6 short sword "Lepli" {heavy, Will+ Str+2
                  | Dex+3}
  6265 | D:10     | Noticed a four-headed hydra
  6265 | D:10     | Noticed a red ugly thing
  6265 | D:10     | Noticed a fire dragon
  6265 | D:10     | Noticed a cyclops
  6265 | D:10     | Noticed a green ugly thing
  6265 | D:10     | Noticed a red ugly thing
  6265 | D:10     | Noticed a boulder beetle
  6267 | D:10     | Noticed a two-headed ogre
  6268 | D:10     | Noticed a manticore
  6305 | D:9      | Killed a death knight
  6456 | D:9      | Identified the +6 broad axe of Fedhas, Piercing {flame,
                  | Drain rElec rF+ Dex+5}
  6492 | D:9      | Found a sparkling altar of Nemelex Xobeh.
  6665 | D:9      | Reached XP level 12. HP: 70/70 MP: 17/17
  6776 | D:11     | Reached ** piety under Ashenzari
  6957 | D:11     | Found Kibb's Antique Weapon Boutique.
  6958 | D:11     | Found Vogued's Weapon Boutique.
  6959 | D:11     | Found Eptakinel's Distillery.
  7075 | D:11     | Reached skill level 11 in Fighting
  7102 | D:11     | Found a staircase to the Lair.
  7180 | D:11     | Learned a level 2 spell: Blink
  7388 | D:10     | Killed a fire dragon
  7539 | Lair:1   | Entered Level 1 of the Lair of Beasts
  7584 | Lair:1   | Noticed a death yak
  7586 | Lair:1   | Noticed a death yak
  7586 | Lair:1   | Noticed a death yak
  7755 | Lair:1   | Killed a death yak
  7771 | Lair:1   | Killed a death yak
  7783 | Lair:1   | Killed a death yak
  7883 | Lair:1   | Reached skill level 5 in Translocations
  8506 | Lair:2   | Noticed an eight-headed hydra
  8523 | Lair:2   | Killed a two-headed hydra
  8524 | Lair:2   | Reached skill level 12 in Fighting
  8620 | Lair:2   | Noticed Mandevil's ghost (journeyman OgFi)
  8620 | Lair:2   | Noticed a death yak
  8622 | Lair:2   | Noticed a death yak
  8623 | Lair:2   | Noticed a four-headed hydra
  8623 | Lair:2   | Noticed a minotaur
  8623 | Lair:2   | Noticed a death yak
  8623 | Lair:2   | Noticed a death yak
  8637 | Lair:2   | Killed a death yak
  8644 | Lair:2   | Killed a death yak
  8650 | Lair:2   | Killed a death yak
  8651 | Lair:2   | Reached XP level 13. HP: 77/77 MP: 18/18
  8723 | Lair:2   | Found a runed translucent gate.
  8723 | Lair:2   | Found a runed translucent gate.
  8723 | Lair:2   | Found a runed translucent gate.
  9586 | Lair:3   | Found a hole to the Spider Nest.
  9982 | Lair:3   | Reached skill level 13 in Fighting
 10769 | Lair:3   | Found a staircase to the Shoals.
 11023 | Lair:4   | Found a staircase to the Slime Pits.
 11024 | Lair:4   | Found a viscous altar of Jiyva.
 11157 | Lair:4   | Reached XP level 14. HP: 84/84 MP: 19/19
 11492 | Lair:4   | Noticed Urug
 11499 | Lair:4   | Killed Urug
 11514 | Lair:4   | Learned a level 4 spell: Manifold Assault
 12066 | Lair:5   | Entered Level 5 of the Lair of Beasts
 12074 | Lair:5   | Reached skill level 10 in Dodging
 12618 | Lair:5   | Reached skill level 10 in Translocations
 12628 | Lair:5   | Reached skill level 14 in Fighting
 12800 | Lair:5   | Identified the cursed +2 cloak "Ennui of Ashenzari" {Self,
                  | Fort} (You found it on level 5 of the Dungeon)
 12800 | Lair:5   | Identified the cursed +1 helmet of Apeoromancy {SInv, Cun,
                  | Fort} (You found it on level 9 of the Dungeon)
 12800 | Lair:5   | Identified the cursed +2 leather armour of the Lashed Comet
                  | {Will+, Bglg, Melee} (You took it off an orc on level 3 of
                  | the Dungeon)
 13198 | Orc:1    | Entered Level 1 of the Orcish Mines
 13321 | Orc:2    | Entered Level 2 of the Orcish Mines
 13418 | Orc:2    | Reached XP level 15. HP: 83/90 MP: 20/20
 13493 | Orc:2    | Found a staircase to the Elven Halls.
 13727 | Orc:2    | Found Dihirun's Jewellery Shop.
 13849 | Orc:2    | Found Nihong's Magic Scroll Boutique.
 13849 | Orc:2    | Found Ekius's Assorted Antiques.
 13851 | Orc:2    | Found Arefokor's Antique Weapon Emporium.
 13853 | Orc:2    | Found Ynexinee's Distillery.
 15166 | D:13     | Found Buodumua's Book Shop.
 15255 | D:13     | Found a gate to the Vaults.
 15686 | D:13     | Identified the +0 robe "Taffuhat" {Str+5}
 15771 | D:14     | Reached skill level 1 in Shields
 15837 | D:14     | Found a frozen archway.
 15968 | D:14     | Reached *** piety under Ashenzari
 15970 | IceCv    | Entered an ice cave
 15991 | IceCv    | Reached skill level 15 in Fighting
 16033 | IceCv    | Reached skill level 1 in Armour
 16989 | D:14     | Noticed a frost giant
 17004 | D:14     | Killed a frost giant
 17085 | D:15     | Entered Level 15 of the Dungeon
 17498 | D:15     | Found a staircase to the Depths.
 17597 | D:15     | Found a broken altar of Ashenzari.
 17743 | D:15     | Reached XP level 16. HP: 89/97 MP: 23/23
 18957 | Lair:2   | Killed Mandevil's ghost
 19192 | Elf:1    | Entered Level 1 of the Elven Halls
 19268 | Elf:1    | Reached skill level 5 in Spellcasting
 19387 | Elf:1    | Found Izxocle's Distillery.
 19504 | Elf:1    | Reached skill level 16 in Fighting
 19896 | Elf:1    | Noticed Louise
 19907 | Elf:1    | Killed Louise
 20468 | Spider:1 | Entered Level 1 of the Spider Nest
 21268 | Spider:1 | Found a transporter.
 21269 | Spider:1 | Noticed Yhubun's ghost (journeyman DrCj)
 21269 | Spider:1 | Identified the +0 cloak of Anneczeo {-Tele rN+ Dex+3
                  | Stlth+}
 21283 | Spider:1 | Found a transporter.
 21287 | Spider:1 | Identified the +1 pair of boots of Failure {Str+2}
 21396 | Spider:1 | Found a runed translucent door.
 21407 | Spider:1 | Reached XP level 17. HP: 104/104 MP: 31/31
 21859 | Spider:2 | Reached **** piety under Ashenzari
 21874 | Spider:2 | Reached skill level 1 in Stealth
 22912 | Spider:2 | Reached skill level 5 in Stealth
 23764 | Spider:3 | Found a transporter.
 23766 | Spider:3 | Noticed Morbidden's ghost (adept TrDe)
 23784 | Spider:3 | Identified the +2 sling of Dominance {flame, rElec Will-
                  | Int+2 Stlth+}
 23823 | Spider:3 | Found a transporter.
 24164 | Spider:3 | Reached skill level 10 in Spellcasting
 24610 | Spider:3 | Identified the +3 leather armour of the Butterfly {-Tele
                  | Rampage Will- Int+8}
 24876 | Spider:4 | Entered Level 4 of the Spider Nest
 25365 | Spider:4 | Reached XP level 18. HP: 108/112 MP: 36/36
 25728 | Spider:4 | Reached skill level 17 in Fighting
 25979 | Spider:4 | Identified the +1 pair of boots of Wariness {rElec Str+2
                  | Stlth+}
 26023 | Spider:4 | Got a gossamer rune of Zot
 27353 | Shoals:1 | Entered Level 1 of the Shoals
 27741 | Shoals:1 | Found Nehejoott's Armour Boutique.
 27827 | Shoals:1 | Noticed Roxanne
 28914 | Shoals:1 | Killed Roxanne
 28930 | Shoals:1 | Learned a level 3 spell: Teleport Other
 28932 | Shoals:1 | Learned a level 1 spell: Slow
 29068 | Shoals:2 | Reached skill level 1 in Hexes
 29402 | Shoals:2 | Learned a level 3 spell: Confusing Touch
 29611 | Shoals:2 | Noticed Nikola
 29639 | Shoals:2 | Killed Nikola
 29640 | Shoals:2 | Reached skill level 5 in Hexes
 30013 | Shoals:2 | Reached XP level 19. HP: 116/116 MP: 37/37
 30056 | Shoals:2 | Learned a level 3 spell: Vhi's Electric Charge
 30060 | Shoals:2 | Learned a level 3 spell: Portal Projectile
 30097 | Shoals:2 | Found Jaaryu's General Store.
 30145 | Shoals:3 | Found Okoik's Weapon Boutique.
 30591 | Shoals:3 | Found a bloodstained altar of Trog.
 30591 | Shoals:3 | Found a transporter.
 30591 | Shoals:3 | Noticed Eho Beem's ghost (journeyman TeSu)
 30739 | Shoals:3 | Found a transporter.
 31028 | Shoals:4 | Entered Level 4 of the Shoals
 31820 | Shoals:4 | Noticed Polyphemus
 31885 | Shoals:4 | Killed Polyphemus
 31952 | Shoals:4 | Got a barnacled rune of Zot
 31985 | Shoals:4 | Noticed Kirke
 32077 | Shoals:4 | Noticed Mlioglotl
 32117 | Shoals:4 | Killed Mlioglotl
 32371 | Shoals:4 | Identified the +0 whip "Soatyetidi" {vamp, Str+2 Int+6}
 32384 | Shoals:4 | Reached skill level 10 in Hexes
 33007 | Shoals:3 | Killed Eho Beem's ghost
 33915 | Elf:2    | Reached XP level 20. HP: 121/121 MP: 38/38
 34208 | Elf:2    | Found a runed translucent gate.
 34208 | Elf:2    | Found a runed translucent gate.
 34211 | Elf:2    | Found a runed translucent gate.
 35179 | Elf:3    | Entered Level 3 of the Elven Halls
 35195 | Elf:3    | Reached skill level 15 in Dodging
 35470 | Shoals:1 | Bought a +1 pair of gloves of strength for 297 gold pieces
 35732 | Vaults:1 | Entered Level 1 of the Vaults
 35913 | Vaults:1 | Found a magical portal.
 35918 | WizLab   | Entered Lehudib's Moon Base
 36360 | WizLab   | Identified the ring of Icleawn {Wiz rPois rC+ Dex+4}
 36461 | WizLab   | Identified the +6 scale mail of Oblivion {rPois}
 36585 | WizLab   | Found a transporter.
 36585 | WizLab   | Identified the +4 ring mail of Defence {rC++ Dex+3 SInv}
 36820 | WizLab   | Learned a level 7 spell: Enfeeble
 36823 | WizLab   | Found a transporter.
 37892 | Vaults:1 | Reached XP level 21. HP: 128/128 MP: 40/40
 37924 | Vaults:1 | Noticed Zenata
 38237 | Vaults:1 | Killed Zenata
 38691 | Vaults:1 | Found Polavusm's Antique Armour Shop.
 39273 | Vaults:2 | Reached ***** piety under Ashenzari
 39300 | Vaults:2 | Noticed Frederick
 39347 | Vaults:2 | Killed Frederick
 39624 | Vaults:2 | Noticed Xtahua
 39629 | Vaults:2 | Killed Xtahua
 39638 | Vaults:2 | Found Mauhox's Assorted Antiques.
 39724 | Vaults:2 | Reached skill level 10 in Short Blades
 40477 | Vaults:2 | Identified Qoffajah's Spellbook of the Mutable Bonfire
 41212 | Vaults:3 | Reached XP level 22. HP: 86/134 MP: 32/41
 41333 | Vaults:3 | Reached skill level 15 in Hexes
 41642 | Vaults:3 | Found a staircase to the Crypt.
 42795 | Vaults:4 | Identified a scroll of acquirement
 43144 | Vaults:4 | Noticed Bai Suzhen
 43167 | Vaults:4 | Killed Bai Suzhen
 43489 | Vaults:4 | Acquired 668 gold pieces
 43864 | Vaults:4 | Identified the +2 robe of Courage {rF+ Int+4}
 43879 | Vaults:4 | Found a radiant altar of Vehumet.
 43880 | Vaults:4 | Identified the +1 robe "Qaufot" {Regen+}
 43880 | Vaults:4 | Identified the +0 robe of the Special Xenops {rPois rC-
                  | Str+4}
 43910 | Vaults:4 | Found the +4 robe of Folly {Brill Will-∞ Int+8}
 44046 | Vaults:4 | Found Zoprepef's Armour Emporium.
 44100 | Vaults:5 | Entered Level 5 of the Vaults
 44559 | Elf:3    | Reached skill level 10 in Stealth
 44583 | Elf:3    | Found Nostrun's Magic Scroll Boutique.
 44587 | Elf:3    | Found Qaomog's Weapon Boutique.
 44587 | Elf:3    | Found Musalaib's Book Shop.
 44592 | Elf:3    | Found Vucarghe's General Store.
 44756 | Elf:3    | Bought a book of Chaos for 800 gold pieces
 44765 | Elf:3    | Learned a level 8 spell: Discord
 45050 | Elf:3    | Identified the ring "Doimotesk" {MP+9 Dex+5}
 45259 | Elf:3    | Identified the staff of fire "Aciliwatse" {rF+ rCorr Int-4
                  | Dex+4}
 45283 | Elf:3    | Identified the +1 leather armour "Vuumemp" {rF+}
 45474 | Elf:3    | Reached XP level 23. HP: 138/138 MP: 21/42
 45737 | Elf:3    | Identified the +6 sling "Egasuw" {elec, Str+3}
 45738 | Elf:3    | Identified the ring "Pekon" {+Blink rC+ rCorr Dex+3 Stlth-}
 45738 | Elf:3    | Identified the +9 great mace "Nask" {flame, rC+ Str+3 Int-4
                  | Stlth+}
 45749 | Elf:3    | Identified the +8 trident of Delicate Prudence {drain,
                  | Drain rPois rF++ rC+++}
 45893 | Elf:3    | Identified the Reference Book on Unstable Poisoning
 46406 | Depths:1 | Entered Level 1 of the Depths
 46629 | Depths:1 | Found a shimmering altar of Xom.
 46976 | Depths:1 | Found an iron altar of Okawaru.
 47212 | Depths:1 | Found a one-way gate to the infinite horrors of the Abyss.
 47339 | Depths:1 | Found a gateway to Hell.
 47345 | Depths:1 | Reached skill level 15 in Translocations
 47637 | Depths:2 | Upgraded the game from 0.30-a0-1176-gcdfb0321a8 to
                  | 0.31-a0-1-g4198be8af4
 48102 | Depths:2 | Found a one-way gate leading to the halls of Pandemonium.
 48316 | Depths:2 | Reached skill level 15 in Short Blades
 48327 | Depths:2 | Noticed the Enchantress
 48561 | Depths:1 | Learned a level 5 spell: Yara's Violent Unravelling
 48620 | Depths:1 | Killed the Enchantress
 48956 | Depths:2 | Reached skill level 18 in Fighting
 49027 | Depths:2 | Identified Kaidytze's Commentary on Reconstruction
 49060 | Depths:2 | Found a shimmering blue altar of Sif Muna.
 49203 | Depths:2 | Identified Saneburo's Secrets of Infection
 49203 | Depths:2 | Identified the Incunable of the Snake
 49205 | Depths:2 | Noticed an ancient lich
 49218 | Depths:2 | Noticed a dread lich
 49231 | Depths:2 | Killed an ancient lich
 49251 | Depths:2 | Killed a dread lich
 49252 | Depths:2 | Identified the Papyrus of Companions
 49253 | Depths:2 | Identified the Writings on Flesh and the Sphinx
 49421 | Depths:2 | Reached XP level 24. HP: 145/145 MP: 42/42
 49428 | Depths:2 | Identified the ring "Wioxtewk" {rF+++ rC+ Str-4 Dex+3 SInv}
 49601 | Depths:2 | Found a one-way gateway to a ziggurat.
 50117 | Depths:3 | Reached skill level 19 in Fighting
 50299 | Depths:3 | Found Ceschen's Firing Range.
 50316 | Depths:3 | Found Maurinny's Armour Boutique.
 50361 | Depths:3 | Identified the +10 great sword of Change {venom, Dex+4
                  | SInv}
 50607 | Depths:3 | Identified the Quarto of Altered Spellbinding
 50616 | Depths:3 | Identified the Guide on Crystallized Incandescence
 50705 | Depths:3 | Identified the +1 broad axe of the Battered Mouths {venom,
                  | rPois Dex+3}
 50811 | Depths:3 | Identified the +6 short sword of Hell's Wrath {heavy, Str+4
                  | Int+2}
 51069 | Depths:3 | Noticed a caustic shrike
 51073 | Depths:3 | Killed a caustic shrike
 51265 | Depths:4 | Entered Level 4 of the Depths
 51944 | Depths:4 | Reached ****** piety under Ashenzari
 52063 | Depths:4 | Noticed Parghit
 52085 | Depths:4 | Killed Parghit
 52154 | Depths:4 | Found a gate to the Realm of Zot.
 52463 | Depths:4 | Found a sacrificial altar of Ru.
 53371 | Vaults:5 | Reached XP level 25. HP: 133/151 MP: 15/44
 54162 | Vaults:5 | Reached skill level 20 in Fighting
 54332 | Vaults:5 | Identified the ring of Ogruhy {AC+4 Dex+4}
 54335 | Vaults:5 | Identified the orb of the Thoughtful Demons {mayhem, rF+
                  | MP+9}
 54355 | Vaults:5 | Identified the amulet "Lieghugg" {Faith Str+3 Int+3 Dex-5}
 54457 | Vaults:5 | Identified the Excursus on Ashen Glaciation
 54475 | Vaults:5 | Reached skill level 15 in Spellcasting
 54515 | Vaults:5 | Identified the Compilation of Fog and Charms
 54517 | Vaults:5 | Found the +6 lightning scales {swift, rElec}
 54636 | Vaults:5 | Identified the +4 dagger of Exhibitionism {heavy, Int+2}
 54636 | Vaults:5 | Identified Noqepruh's Catalogue of Unstable Leadership
 55068 | Vaults:5 | Got a silver rune of Zot
 55337 | D:11     | Bought a jewelled quick blade for 520 gold pieces
 55337 | D:11     | Identified the +9 quick blade "Cenoh" {heavy, Str+2} (You
                  | bought it in a shop on level 11 of the Dungeon)
 55542 | Zot:1    | Entered Level 1 of the Realm of Zot
 56797 | Zot:2    | Reached XP level 26. HP: 160/160 MP: 46/46
 57139 | Zot:2    | Learned a level 6 spell: Dispersal
 57148 | Zot:2    | Learned a level 8 spell: Disjunction
 57867 | Zot:3    | Noticed an orb of fire
 57895 | Zot:3    | Killed an orb of fire
 58920 | Zot:4    | Reached skill level 21 in Fighting
 59019 | Zot:4    | Found a shimmering blue altar of Sif Muna.
 59023 | Zot:4    | Found a transporter.
 59024 | Zot:4    | Identified the +0 robe "Cygegi" {Int+3}
 59511 | Zot:4    | Noticed an orb of fire
 59552 | Zot:4    | Noticed a dread lich
 59640 | Zot:5    | Entered Level 5 of the Realm of Zot
 60020 | Zot:5    | Noticed a dread lich
 60025 | Zot:5    | Noticed an ancient lich
 60097 | Zot:5    | Killed an ancient lich
 60103 | Zot:5    | Noticed an orb of fire
 60126 | Zot:5    | Killed an orb of fire
 60133 | Zot:5    | Noticed an ancient lich
 60135 | Zot:5    | Killed a dread lich
 60149 | Zot:5    | Killed an ancient lich
 60150 | Zot:5    | Reached XP level 27. HP: 167/167 MP: 48/48
 60180 | Zot:5    | Noticed an ancient lich
 60180 | Zot:5    | Noticed an ancient lich
 60200 | Zot:5    | Killed an ancient lich
 60213 | Zot:5    | Killed an ancient lich
 60275 | Zot:5    | Noticed an ancient lich
 60294 | Zot:5    | Killed an ancient lich
 60420 | Zot:5    | Noticed an orb of fire
 60441 | Zot:5    | Killed an orb of fire
 60462 | Zot:5    | Noticed an ancient lich
 60468 | Zot:5    | Noticed an orb of fire
 60481 | Zot:5    | Gained mutation: Your body sometimes deteriorates upon
                  | taking damage. [an orb of fire]
 60486 | Zot:5    | Killed an ancient lich
 60500 | Zot:5    | Killed an orb of fire
 60584 | Zot:5    | Noticed an ancient lich
 60615 | Zot:5    | Killed an ancient lich
 60839 | Zot:5    | Got the Orb of Zot
 61584 | D:1      | Noticed Kerim the pandemonium lord
 61636 | D:$      | Escaped with the Orb!

Illustrated notes

Levels and vault maps discovered:
D:1:      dpeg_arrival_boxes_within_box, layout_basic, kennysheep_small_spiral
D:2:      layout_basic, serial_bayou, serial_bayou_ford_a, serial_bayou_pond_a,
          serial_bayou_shore_a, serial_bayou_pond_e,
          nicolae_kite_square_tiling_tiny, uniq_jessica
D:3:      layout_loops_ring, regret_index_temple_of_mockery,
          chequers_serial_rivers_large_b
D:4:      layout_loops_cross, gammafunk_ghost_nasty_kobolds, uniq_blork_the_orc
D:5:      layout_loops_ring, minmay_temple_entry_hall
D:6:      layout_gridville, gammafunk_temple_overflow_forgotten, serial_glass,
          glass_columns_a, glass_columns_c, glass_columns_a, glass_columns_b
D:7:      layout_loops_cross, chequers_temple_overflow_statue_of_worship,
          lemuel_blue_sif_altar, mainiacjoe_overflow_alcove_1
D:8:      layout_rooms, uniq_erica, uniq_grum
D:9:      layout_loops_ring, kennysheep_mini, mainiacjoe_overflow_chevrons,
          lemuel_coloured_pillars_altar, david_orc_2, minmay_shop_damaged,
          minmay_diamond_spiral
D:10:     minmay_the_grid_square_5x5_3x3
          [minmay_the_grid_square_5x5_eight_small,
          minmay_the_grid_square_5x5_shrine2,
          minmay_the_grid_square_5x5_percent,
          minmay_the_grid_square_5x5_longway,
          minmay_the_grid_square_5x5_megaprize_diamond,
          minmay_the_grid_square_5x5_broken_cross,
          minmay_the_grid_square_5x5_forky,
          minmay_the_grid_square_5x5_tri_point,
          minmay_the_grid_square_5x5_shuriken], layout_long_grid, uniq_josephine
D:11:     layout_rooms, erik_lair_dragon, nicolae_shop_distant_corner_stores,
          minmay_statue_bubble
D:12:     layout_roguey
D:13:     layout_irregular_city, david_vaults_2, serial_shops, shop
D:14:     cheibrodos_quadrivalence, layout_irregular_city,
          portal_ice_cave_entry_ice_simulacra, kennysheep_just_a_vault
D:15:     gammafunk_depths_entry_grave, layout_cave_pools,
          serial_co_window_serial, co_window_corner_a, co_window_corner_a,
          co_window_corner_a, co_window_paths_b, co_window_of_opportunity_a,
          co_window_unsneaky_path_b, co_window_cross_2, co_window_2corner,
          co_window_broadway_a, co_window_2corner, co_window_paths_c,
          co_window_corner_ca, co_window_paths_d, cheibrodos_ashenzari_chains
Temple:   dpeg_three_leaves_temple
Lair:1:   layout_gridlike, eino_small_chamber_without_monster
Lair:2:   layout_cave_pods, maelrawn_ghost_gauntlet_escape, special_room
          [special_room_bee]
Lair:3:   layout_layer_cave, minmay_shoals_entry_hut,
          nicolae_spider_entry_tight_spaces, nicolae_lair_grazing_beasts
          [nicolae_sub_lair_graze_edge, nicolae_sub_lair_graze_edge,
          nicolae_sub_lair_graze_edge, nicolae_sub_lair_graze_edge],
          grunt_megastairs_2, lemuel_fruit_tree
Lair:4:   layout_layer_cave, slime_entry_1, serial_bayou_shore_b, uniq_urug
Lair:5:   evilmike_catoblepas_cave, layout_hall_layers
Shoals:1: layout_shoals, serial_shops, nicolae_shop_scrapyard,
          nicolae_shoals_lost_giant_baths,
          nicolae_shoals_siren_and_animal_friends, uniq_roxanne
Shoals:2: layout_shoals, serial_shops, shop, nicolae_shoals_spectral_cove,
          uniq_nikola
Shoals:3: layout_shoals, serial_shops, shop, gammafunk_ghost_wrathful_warriors
Shoals:4: shoals_end_hellmonk_lost_city, uniq_mlioglotl, uniq_polyphemus,
          uniq_kirke
Spider:1: cheibrodos_spider_deadly_dance, gammafunk_ghost_berserking_beasts
Spider:2: nicolae_spider_hilbert_zone_4 [nicolae_spider_hilbert_4_sides_2_open,
          nicolae_spider_hilbert_4_sides_1_open,
          nicolae_spider_hilbert_4_sides_1_open,
          nicolae_spider_hilbert_4_sides_1_open,
          nicolae_spider_hilbert_4_sides_1_open,
          nicolae_spider_hilbert_2_sides_1_open,
          nicolae_spider_hilbert_2_sides_1_open,
          nicolae_spider_hilbert_2_sides_1_open,
          nicolae_spider_hilbert_2_sides_1_open,
          nicolae_spider_hilbert_6_sides_1_open,
          nicolae_spider_hilbert_6_sides_1_open,
          nicolae_spider_hilbert_3_sides_1_open,
          nicolae_spider_hilbert_3_sides_1_open]
Spider:3: layout_cave_pods, gammafunk_ghost_mausoleum,
          nicolae_spider_cling_halls
Spider:4: grunt_spider_rune_island
Orc:1:    layout_diamond_mine
Orc:2:    st_orc_rangers, layout_caves, serial_shops, shop
Elf:1:    layout_gridlike, serial_shops, nicolae_square_shop,
          hangedman_elven_crosses_minicolossus, uniq_louise
Elf:2:    nicolae_elf_blades_splatter_lattice
          [nicolae_blade_entry_floor_patterns], layout_geoelf_diagonals
Elf:3:    grunt_elf_hall_diamonds, layout_gridlike, serial_glass,
          glass_columns_a, glass_columns_b, glass_columns_b, minmay_shoptagon
Vaults:1: mu_enter_wizlab_2, nicolae_vaults_alarming,
          hangedman_vaults_river_flow, vaults_dpeg_ring,
          nicolae_vaults_little_squares_6, vaults_dpeg_encased_lava,
          layout_vaults_chaotic_city, serial_shops, shop, uniq_zenata
Vaults:2: vaults_room_grid, grunt_vaults_twisty, v_misc_26, v_misc_4,
          st_octagons_2, vaults_room_door_hall, nicolae_vaults_stepped_doors,
          nicolae_vaults_storage_room_water, v_pattern_5,
          ontoclasm_vaults_idyll, ontoclasm_vaults_decontamination,
          layout_vaults_omnicross, serial_shops, shop, uniq_frederick,
          uniq_xtahua
Vaults:3: minmay_crypt_entry_simple_sparse, nicolae_vaults_trapezoid_lopsided_1,
          vaults_mumra_lcd, nicolae_vaults_three_branches,
          vaults_room_stairs_pillars, nicolae_vaults_double_plus_1,
          st_spiral_rooms, nicolae_vaults_trapezoid_4, nicolae_vaults_gold_heap,
          layout_vaults_omnigrid
Vaults:4: grunt_tower_of_power, nicolae_vaults_spaceships,
          ontoclasm_vaults_idyll, grunt_vaults_diagonal, vaults_mumra_minichess,
          v_misc_12, hangedman_vaults_trim, nicolae_vaults_trapezoid_layered,
          nicolae_vaults_network_square, v_misc_5,
          nicolae_vaults_trapezoid_lopsided_1, nicolae_vaults_double_plus_3,
          v_misc_23, vaults_mumra_chevron, layout_vaults_omnibox, serial_shops,
          nicolae_shop_pleasant_corner_grove, uniq_bai_suzhen
Vaults:5
Depths:1: layout_twisted_cross, old_standard_altar, abyss_entry,
          lightli_too_deep, st_stairs_1,
          hellmonk_okawaru_the_only_friend_you_need
Depths:2: evilmike_library_of_no_secrets, layout_gridville, enter_ziggurat_a,
          chequers_serial_rivers_small_b, rand_demon_pan_entry_3,
          hangedman_coc_ice_floe, uniq_enchantress
Depths:3: minmay_chopped_fan, layout_gridlike, serial_shops,
          nicolae_shop_hallway_plus, minmay_room_of_horrors, hell_entry,
          serial_rivers, chequers_serial_rivers_micro_c,
          chequers_serial_rivers_marsh, chequers_serial_rivers_marsh,
          chequers_serial_rivers_room_a, chequers_serial_rivers_small_b,
          chequers_serial_rivers_micro_c, dk_noncrumbling_3, minivault_11,
          nicolae_shop_firing_range, infiniplex_staircase_squiggle
Depths:4: evilmike_zot_entry_round, layout_cave_shapes,
          grunt_hell_entry_dis_grunt, glass_columns_a, grunt_ministairs_4,
          abandoned_shop, nicolae_ru_path_of_blood, uniq_parghit
Zot:1:    layout_cathedral_of_symmetry
Zot:2:    layout_onion, grunt_ministairs_11, grunt_megastairs_3
Zot:3:    layout_gridlike
Zot:4:    gammafunk_sealed_library, layout_misc_corridors, grunt_megastairs_4
Zot:5:    layout_onion

Skill      XL: |  1  2  3  4  5  6  7  8  9 10 11 12 13 14 15 16 17 18 19 20 21 22 23 24 25 26 27 |
---------------+----------------------------------------------------------------------------------+-----
Long Blades    | 2 10 | 10.3
Fighting       | 2 3 4 5 7 9 10 12 13 14 15 16 17 18 19 20 21 | 21.1
Short Blades   | 1 2 4 6 7 8 12 14 15 17 20 | 20.5
Dodging        | 2 6 8 9 10 12 13 14 15 16 17 18 | 18.8
Translocations | 6 8 10 12 14 15 16 | 16.7
Shields        | 3 |  3.0
Armour         | 2 |  2.4
Spellcasting   | 3 8 10 11 13 15 16 | 16.8
Stealth        | 6 10 | 10.0
Hexes          | 6 11 14 15 17 | 17.9
Throwing       | |  0.8

Action                     |  1- 3 |  4- 6 |  7- 9 | 10-12 | 13-15 | 16-18 | 19-21 | 22-24 | 25-27 || total
---------------------------+-------+-------+-------+-------+-------+-------+-------+-------+-------++-------
  Melee: Falchion          |    19 |       |       |     8 |     5 |     4 |       |       |       ||    36
         Bite              |    13 |    12 |    49 |   177 |   549 |   644 |   722 |   911 |   964 ||  4041
         Long sword        |    65 |    62 |       |       |       |       |       |       |       ||   127
         Punch             |       |     1 |       |       |       |       |       |       |       ||     1
         Pair of quick bla |       |    13 |   142 |   362 |  1217 |  1954 |  1866 |  2116 |  1909 ||  9579
  Throw: Dart              |       |     3 |       |    10 |     1 |    10 |       |       |       ||    24
         Throwing net      |       |       |       |       |     1 |       |       |       |       ||     1
         Boomerang         |       |       |       |       |    23 |       |       |       |       ||    23
   Cast: Manifold Assault  |       |       |       |       |    40 |   300 |   299 |   232 |   137 ||  1008
         Blink             |       |       |       |       |     2 |     2 |     2 |     1 |       ||     7
         Confusing Touch   |       |       |       |       |       |     1 |    33 |     1 |       ||    35
         Portal Projectile |       |       |       |       |       |       |     9 |     1 |       ||    10
         Vhi's Electric Ch |       |       |       |       |       |       |     2 |       |       ||     2
         Slow              |       |       |       |       |       |       |     1 |       |       ||     1
         Enfeeble          |       |       |       |       |       |       |     5 |    35 |    47 ||    87
         Discord           |       |       |       |       |       |       |       |    13 |    16 ||    29
         Yara's Violent Un |       |       |       |       |       |       |       |     5 |     8 ||    13
 Invoke: Curse Item        |       |       |       |     3 |     2 |     2 |     4 |     2 |     1 ||    14
         Shatter the Chain |       |       |       |       |       |     2 |     1 |     2 |       ||     5
  Evoke: Wand              |       |       |       |       |    19 |     3 |       |       |     1 ||    23
    Use: Potion            |     3 |       |       |       |     5 |     3 |     7 |     2 |     1 ||    21
         Scroll            |       |       |     4 |     8 |     3 |     3 |     7 |     7 |     3 ||    35
   Stab: Sleeping          |       |     2 |     1 |     1 |     4 |    14 |    49 |    30 |    15 ||   116
         Distracted        |       |       |     1 |       |       |     6 |     5 |    10 |     5 ||    27
         Held in net/web   |       |       |       |       |     3 |       |       |       |       ||     3
         Petrifying        |       |       |       |       |     1 |       |       |       |       ||     1
         Petrified         |       |       |       |       |     1 |       |       |       |       ||     1
         Confused          |       |       |       |       |       |       |    23 |       |       ||    23
         Invisible         |       |       |       |       |       |       |     4 |    22 |    12 ||    38
 Armour: Leather armour    |    25 |     2 |    34 |    61 |   117 |    11 |       |       |       ||   250
         Scale mail        |     9 |     8 |       |       |       |       |       |       |       ||    17
         Skin              |       |       |       |       |    23 |       |       |       |       ||    23
         Robe              |       |       |       |       |       |   131 |   116 |   164 |   160 ||   571
  Dodge: Dodged            |    48 |    23 |    49 |   115 |   560 |   879 |   717 |   922 |  1025 ||  4338
  Block: Other             |       |    17 |    27 |    45 |    45 |       |       |       |       ||   134
         Reflection        |       |       |     3 |     8 |       |       |       |       |       ||    11

Table legend: (Time is in decaauts)
 A = Elapsed time spent in this place.
 B = Non-inter-level travel time spent in this place.
 C = Inter-level travel time spent in this place.
 D = Time resting spent in this place.
 E = Time spent auto-exploring this place.
 F = Levels seen in this place.
 G = Mean time per level.
                   A        B        C        D        E       F      G
               +--------+--------+--------+--------+--------+-----+--------+
         Total |  56393 |  47088 |   9305 |   6699 |  29277 |  50 | 1127.9 |
       Dungeon |  12951 |  10106 |   2845 |    272 |   7943 |  15 |  863.4 |
        Temple |     62 |      2 |     60 |      0 |      0 |   1 |   62.0 |
          Lair |   6018 |   5092 |    926 |    308 |   3953 |   5 | 1203.6 |
        Shoals |   5748 |   5370 |    378 |   1475 |   2476 |   4 | 1437.0 |
   Spider Nest |   5443 |   4976 |    467 |    964 |   3062 |   4 | 1360.8 |
  Orcish Mines |   1243 |    928 |    315 |      6 |    702 |   2 |  621.5 |
   Elven Halls |   4167 |   3707 |    460 |    749 |   2052 |   3 | 1389.0 |
        Vaults |   8346 |   6966 |   1380 |    881 |   4555 |   5 | 1669.2 |
        Depths |   5866 |   4674 |   1192 |   1212 |   2388 |   4 | 1466.5 |
           Zot |   4633 |   3354 |   1279 |    347 |   1767 |   5 |  926.6 |
      Ice Cave |    392 |    392 |      0 |    228 |      0 |   1 |  392.0 |
        Wizlab |   1518 |   1518 |      0 |    255 |    377 |   1 | 1518.0 |
               +--------+--------+--------+--------+--------+-----+--------+

Top non-repeatable levels by time:
Vaults:4: 2191 daAuts
Depths:2: 1908 daAuts
Vaults:2: 1856 daAuts
Shoals:1: 1841 daAuts
Vaults:1: 1777 daAuts
Depths:3: 1717 daAuts
Shoals:3: 1657 daAuts
   Elf:3: 1623 daAuts
Spider:2: 1618 daAuts
    D:11: 1599 daAuts
  WizLab: 1518 daAuts
   Elf:2: 1518 daAuts
  Lair:2: 1516 daAuts
  Lair:3: 1502 daAuts
Vaults:3: 1447 daAuts
